Map: Thunderbird LE

Players

Taldan - Winner!

  • Race: Protoss Protoss
  • Spawn Location: 11:00

drumhead

  • Race: Protoss Protoss
  • Spawn Location: 5:00

VOD

Have the link to the VOD?

Description

Time

  • Played on: Sept. 6, 2019, 1:17 p.m.
  • Length: 7:12
Show
View Real Time Build Order
Export as new Build Order

Taldan Protoss - Winner!

Build Orders:  

Get SALT Encoding   

  12  0:00  Probe  
  14  0:18  Pylon  
  14  0:20  Probe  
  14  0:28  Probe  
  15  0:37  Forge, Probe  
  16  0:58  Pylon  
  16  1:18  Photon Cannon  
  16  1:21  Photon Cannon  
  16  1:24  Probe  
  17  1:26  Assimilator  
  17  1:33  Probe  
  17  1:37  Gateway  
  18  1:41  Probe  
  19  1:50  Probe  
  20  1:54  Assimilator  
  20  2:02  Probe  
  21  2:09  Pylon  
  21  2:15  Probe  
  22  2:26  Cybernetics Core  
  22  2:27  Probe  
  23  2:33  Photon Cannon  
  23  2:39  Probe  
  24  2:48  Photon Cannon  
  24  2:53  Probe  
  25  3:05  Stargate  
  25  3:08  Shield Battery  
  25  3:12  Stalker  
  25  3:15  Photon Cannon  
  27  3:30  Shield Battery  
  27  3:41  Stalker  
  27  3:42  Void Ray  
  33  4:11  Stalker  
  35  4:28  Void Ray  
  39  4:49  Shield Battery x2  
  39  4:51  Pylon  
  39  4:59  Pylon  
  39  5:00  Void Ray  
  39  5:09  Stalker  
  45  5:35  Void Ray  
  45  5:47  Stalker  
  51  6:15  Robotics Facility  
  51  6:17  Stalker  
  53  6:18  Shield Battery  
Show
View Real Time Build Order
Export as new Build Order

drumhead Protoss 

Build Orders:  

Get SALT Encoding   

  12  0:00  Probe  
  13  0:13  Probe  
  14  0:18  Pylon  
  14  0:25  Probe  
  15  0:33  Probe  
  15  0:40  Gateway  
  15  0:41  Probe  
  16  0:47  Assimilator  
  17  0:54  Pylon  
  17  0:58  Probe  
  18  1:10  Probe  
  19  1:19  Probe  
  19  1:23  Assimilator  
  20  1:27  Probe  
  20  1:28  Cybernetics Core  
  21  1:36  Probe  
  22  1:40  Gateway  
  22  1:48  Probe  
  23  1:55  Pylon  
  23  2:00  Probe  
  24  2:04  Gateway  
  24  2:12  Probe  
  25  2:27  Pylon  
  24  2:40  Stalker  
  24  2:42  Nexus  
  26  2:58  Stalker  
  28  3:08  Shield Battery  
  28  3:17  Pylon  
  28  3:22  Pylon  
  28  3:25  Probe  
  29  3:35  Shield Battery  
  29  3:38  Stalker  
  33  3:56  Probe  
  34  4:08  Robotics Facility  
  32  4:22  Probe  
  32  4:25  Pylon  
  31  4:41  Probe  
  29  4:51  Gateway  
  29  4:52  Gateway  
  29  5:20  Probe  
  27  5:33  Probe  
  20  5:39  Cybernetics Core  
  17  5:46  Probe  
  14  5:58  Probe  
  15  6:04  Assimilator  
  15  6:06  Stalker  
  15  6:07  Pylon  
  15  6:09  Gateway, Assimilator  
  15  6:10  Probe  
  16  6:12  Gateway, Pylon  
  16  6:15  Stalker  
  20  6:22  Probe  
  20  6:24  Shield Battery  
  21  6:34  Probe  
  21  6:35  Stalker  
  24  6:44  Shield Battery  
  24  6:46  Probe  
  23  6:58  Probe  
Tags
 
Matchup
PvP
Spawn Locations
Cross Positions
Add a new tag
Caveats
  • Supply blocks, unpowered buildings, or Contaminate may cause inaccurate times.
  • Supply counts are checked every 10 seconds.